 Dungeon Crawl Stone Soup version 0.29-a0-824-gd827844252 (webtiles) character file.

Game seed: 4329654196463776020

3 gobodom the Digger (level 1, 0/13 HPs)
             Began as a Demonspawn Earth Elementalist on July 11, 2022.
             Slain by a goblin
             ... wielding a +0 dagger
              (1 damage)
             ... on level 1 of the Dungeon.
             The game lasted 00:00:26 (91 turns).

gobodom the Digger (Demonspawn Earth Elementalist)    Turns: 91, Time: 00:00:26

Health: 0/13       AC:  2    Str:  8    XL:     1   Next: 41%
Magic:  2/3        EV: 12    Int: 16    God:
Gold:   14         SH:  0    Dex: 13    Spells: 3/4 levels left

rFire   . . .      SeeInvis .   (no weapon)
rCold   . . .      Faith    .   (no shield)
rNeg    . . .      Spirit   .   a - +0 robe
rPois   .          Reflect  .   (no helmet)
rElec   .          Harm     .   (no cloak)
rCorr   .          Rampage  .   (no gloves)
Will    .....                   (no boots)
Stlth   ++........              (no amulet)
HPRegen 0.04/turn               (no ring)
MPRegen 0.08/turn               (no ring)

@: no status effects
A: no striking features
a: no special abilities


You were on level 1 of the Dungeon.
You visited 1 branch of the dungeon, and saw 1 of its levels.

You collected 14 gold pieces.

Inventory:

Armour
 a - a +0 robe (worn)
Scrolls
 d - a scroll of teleportation {unknown}
Potions
 b - a potion of magic
 c - a potion of resistance {unknown}


   Skills:
 + Level 1.7 Dodging
 + Level 1.9 Stealth
 + Level 2.0 Spellcasting
 + Level 0.8 Transmutations
 + Level 2.8 Earth Magic


You had 3 spell levels left.
You knew the following spells:

 Your Spells              Type           Power      Damage    Failure   Level
a - Sandblast             Erth           20%        2d7       7%          1

Your spell library contained the following spells:

 Spells                   Type           Power      Damage    Failure   Level
 Passwall                 Tmut/Erth      5%         N/A       14%         2
 Stone Arrow              Conj/Erth      12%        3d7       34%         3
 Petrify                  Tmut/Erth      7%         N/A       67%         4


Dungeon Overview and Level Annotations

Branches:
Dungeon (1/15)

Altars:


Message History

The blast of sand hits the endoplasm!
You kill the endoplasm!
A hobgoblin comes into view.
Found two stone staircases leading down.
You can't see any susceptible monsters within range! (Use Z to cast anyway.)
The blast of sand hits the hobgoblin.
The hobgoblin is severely wounded.
The hobgoblin shouts!
The blast of sand hits the hobgoblin!
You kill the hobgoblin!
Found 14 gold pieces.
d - a scroll labelled NUYKUQ SYASITT Magic restored.
A frilled lizard comes into view.
A goblin comes into view. It is wielding a +0 dagger.
The frilled lizard unfolds its giant frill.
You can't see any susceptible monsters within range! (Use Z to cast anyway.)
The blast of sand hits the frilled lizard!
You kill the frilled lizard!
You now have 14 gold pieces.
There is a stone staircase leading down here.
A goblin is nearby!
A hobgoblin comes into view.
The goblin shouts!
The hobgoblin shouts!
You hear a shout!
A goblin comes into view. It is wielding a +0 dagger.
You hear a shout!
A kobold and an endoplasm come into view.
The kobold shouts!
The blast of sand misses the goblin.
The goblin hits you with a +0 dagger. The kobold closely misses you.
The kobold attacks as you move away! The kobold hits you but does no damage.
The goblin attacks as you move away! The goblin misses you.
The kobold attacks as you move away! The kobold hits you with a +0 club.
The kobold attacks as you move away! The kobold hits you with a +0 club.
* * * LOW HITPOINT WARNING * * *
The goblin attacks as you move away! The goblin hits you with a +0 dagger.
* * * LOW HITPOINT WARNING * * *
The kobold attacks as you move away! The kobold misses you.
The goblin hits you with a +0 dagger.
You die...

#.... .. .### #...##.##
....####........
#...#.........
#..g......# #
##J.##.##^.. #. ##g.>#
.. #.###g...# ...
#...@K.##### ..#
###.......... ..
###.......... .
#............
##.#..........
#.............
#..#..........
###..#>.........
##########....#.........


You could see an endoplasm, a hobgoblin, 2 goblins and a kobold.

Vanquished Creatures
  An endoplasm (D:1)
  A hobgoblin (D:1)
  A frilled lizard (D:1)
3 creatures vanquished.

Notes
Turn   | Place    | Note
-------+----------+-------------------------------------------
     0 | D:1      | gobodom the Demonspawn Earth Elementalist began the quest
                  | for the Orb.
     0 | D:1      | Reached XP level 1. HP: 13/13 MP: 3/3
    91 | D:1      | Slain by a goblin

Illustrated notes

Levels and vault maps discovered:
D:1:      dpeg_arrival_tiny_k, layout_rooms

Action                   || total
-------------------------++-------
 Cast: Sandblast         ||     5
Armor: Robe              ||     1
Dodge: Dodged            ||     3

Table legend: (Time is in decaauts)
 A = Elapsed time spent in this place.
 B = Non-inter-level travel time spent in this place.
 C = Inter-level travel time spent in this place.
 D = Time resting spent in this place.
 E = Time spent auto-exploring this place.
 F = Levels seen in this place.
 G = Mean time per level.
                   A        B        C        D        E       F      G
               +--------+--------+--------+--------+--------+-----+--------+
         Total |     96 |     96 |      0 |      0 |     51 |   1 |   96.0 |
       Dungeon |     96 |     96 |      0 |      0 |     51 |   1 |   96.0 |
               +--------+--------+--------+--------+--------+-----+--------+

Top non-repeatable levels by time:
     D:1: 96 daAuts
